 Dungeon Crawl Stone Soup version 0.27-a0-695-gb4952372f7 (webtiles) character file.

Game seed: 18312753440342015344

6 mdonais the Skirmisher (level 1, 0/18 HPs)
             Began as an Octopode Wanderer on Mar 21, 2021.
             Slain by a gnoll
             ... wielding a +0 halberd
              (15 damage)
             ... on level 1 of the Dungeon.
             The game lasted 00:03:05 (444 turns).

mdonais the Skirmisher (Octopode Wanderer)           Turns: 444, Time: 00:03:06

Health: 0/18       AC:  1    Str:  8    XL:     1   Next: 90%
Magic:  1/1        EV:  9    Int: 16    God:
Gold:   0          SH:  7    Dex: 12    Spells: 0/0 levels left

rFire    . . .     SeeInvis .   i - +0 dagger
rCold    . . .     Faith    .   b - +0 kite shield
rNeg     . . .     Spirit   .   (helmet restricted)
rPois    .         Reflect  .   (no amulet)
rElec    .         Harm     .   (no ring)
rCorr    .         Rampage  .   (no ring)
Will     .....                  (no ring)
Stlth    +++.......             (no ring)
HPRegen  0.06/turn              (no ring)
MPRegen  0.07/turn              (no ring)
                                (no ring)
                                (no ring)

@: no status effects
A: almost no armour, amphibious, 8 rings, camouflage 1, gelatinous body 1,
nimble swimmer 1, tentacles
a: no special abilities


You were on level 1 of the Dungeon.
You visited 1 branch of the dungeon, and saw 1 of its levels.

Inventory:

Hand Weapons
 a - a +0 spear
 i - a +0 dagger (weapon)
   (You took it off a goblin on level 1 of the Dungeon)
Armour
 b - a +0 kite shield (worn)
Jewellery
 g - a ring of fire
   (You found it on level 1 of the Dungeon)
Scrolls
 e - a scroll of vulnerability {unknown}
 f - a scroll of fear {unknown}
 h - a scroll of teleportation {unknown}
 j - a scroll of identify {unknown}
Potions
 c - a potion of lignification
 d - a potion of heal wounds {unknown}


   Skills:
 - Level 5.0 Fighting
 + Level 2.1 Stealth
 + Level 1.4 Shields
 - Level 3.0 Necromancy


You couldn't memorise any spells.
You didn't know any spells.
Your spell library was empty.

Dungeon Overview and Level Annotations

Branches:
Dungeon (1/15)

Altars:


Innate Abilities, Weirdness & Mutations

You cannot wear most types of armour.
You are amphibious.
You can wear up to eight rings at the same time.
Your skin changes colour to match your surroundings (Stealth+).
Your rubbery body absorbs attacks. (AC +1, EV +1)
You are stealthy while swimming. (Stealth+)
You have tentacles for arms and can constrict up to eight enemies at once.


Message History

Welcome, mdonais the Octopode Wanderer.
It is said that the Orb of Zot exists deep within this dungeon.
Press ? for a list of commands and other information.
Found a golden potion.
You begin with the following items: a +0 spear, a +0 kite shield, a potion of lignification.
Your library has no spells.
Unknown command.
You don't know any spells.
Unknown command.
d - a golden potion
Found a scroll labelled TIANAU FITYL.
e - a scroll labelled TIANAU FITYL
Found a club.
f - a scroll labelled YJUEPH CYZXIA
Found a club.
g - a ring of fire
Found a ring mail.
You see here a +0 ring mail.
Found a scale mail.
h - a scroll labelled NOINUR HUTAO
Found a robe.
There is a stone staircase leading down here.
A goblin comes into view. It is wielding a +0 dagger.
The goblin shouts!
You reach to attack!
You barely miss the goblin.
Your shield prevents you from hitting the goblin.
Your grab misses the goblin. You squeeze the goblin.
You kill the goblin!
Things that are here:
a +0 dagger; a goblin corpse
i - a +0 dagger
i - a +0 dagger (weapon)
You see here a goblin corpse.
An ooze comes into view.
Found a scroll labelled GITSI QYAXEO.
The helpless ooze fails to defend itself.
You hit the ooze.
The ooze is heavily wounded.
The ooze hits you.
You take 2 damage, and have 16/18 hp.
You hit the ooze.
The ooze is severely wounded.
The ooze hits you.
You take 2 damage, and have 14/18 hp.
You hit the ooze. You squeeze the ooze.
The ooze is almost dead.
The ooze barely misses you. x2
You hit the ooze.
The ooze is almost dead.
The ooze barely misses you.
You hit the ooze.
You kill the ooze!
Your Stealth skill increases to level 2!
j - a scroll labelled GITSI QYAXEO You start resting.
HP restored.
Health restored: 18 A gnoll comes into view.
It is wielding a +0 halberd.
The gnoll shouts!
A bat comes into view.
You hit the bat but do no damage. Your grab misses the bat.
The bat barely misses you. The bat hits you. You block the bat's attack.
You take 1 damage, and have 17/18 hp.
You closely miss the bat. Your grab misses the bat. The bat hits you.
You block the bat's attack.
You take 1 damage, and have 16/18 hp.
You hit the bat but do no damage. Your grab misses the bat.
You squeeze the bat, but do no damage. The bat barely misses you.
You block the bat's attack. The gnoll barely misses you.
You block the bat's attack. The bat barely misses you.
Your shield prevents you from hitting the bat.
Your grab misses the bat. Your squeeze misses the bat. The bat hits you.
The bat closely misses you. The gnoll closely misses you.
You take 1 damage, and have 15/18 hp.
You barely miss the bat. You grab the bat. You constrict the bat.
The bat closely misses you. You block the gnoll's attack.
The gnoll hits you from afar with a +0 halberd!
Ouch! That really hurt!
You die...

#.####.# #.......#
########.####.#### #.......#
######....>...........# #.......#
........##.##.##...##.###.......#
........##....##.####..##.......#
........##.#####.#####.##.......#
.................................
........########.######.#.......#
######### #@# #.######### #b#
#.## ## #g# #..# #. #.# ##.## #.
#.# #..# #. #.# ##.## #. ...
#..#####. #.... ##.##.... #...#g
#.##....


You could see a gnoll and a bat.

Vanquished Creatures
  An ooze (D:1)
  A goblin (D:1)
2 creatures vanquished.

Notes
Turn   | Place    | Note
-------+----------+-------------------------------------------
     0 | D:1      | mdonais the Octopode Wanderer began the quest for the Orb.
     0 | D:1      | mdonais set off with the following items: a +0 spear, a +0
                  | kite shield, a potion of lignification
     0 | D:1      | Reached XP level 1. HP: 18/18 MP: 1/1
   444 | D:1      | Slain by a gnoll

Illustrated notes

Levels and vault maps discovered:
D:1:      eino_arrival_cavern_e, layout_basic

Skill      XL: |  1 |
---------------+----+-----
Stealth        | 2 |  2.1
Fighting       | |  5.0
Shields        | |  1.4
Necromancy     | |  3.0

Action                   || total
-------------------------++-------
Melee: Dagger            ||    10
       Tentacles         ||     3
       Spear             ||     2
       Constrict         ||     1
 Stab: Sleeping          ||     1
Dodge: Dodged            ||    10
Block: Kite shield       ||     5

Table legend: (Time is in decaauts)
 A = Elapsed time spent in this place.
 B = Non-inter-level travel time spent in this place.
 C = Inter-level travel time spent in this place.
 D = Time resting spent in this place.
 E = Time spent auto-exploring this place.
 F = Levels seen in this place.
 G = Mean time per level.
                   A        B        C        D        E       F      G
               +--------+--------+--------+--------+--------+-----+--------+
         Total |    446 |    438 |      8 |     58 |    237 |   1 |  446.0 |
       Dungeon |    446 |    438 |      8 |     58 |    237 |   1 |  446.0 |
               +--------+--------+--------+--------+--------+-----+--------+

Top non-repeatable levels by time:
     D:1: 446 daAuts
